 Dungeon Sprint DCSS version 0.26-a0-818-g75db068ed4 (webtiles) character file.

Game seed: 4917986781905161525

48 rocky1 the Chiller (level 3, 0/36 HPs)
             Began as a Merfolk Ice Elementalist on Nov 15, 2020.
             Was a Believer of Sif Muna.
             Slain by a warg (17 damage)
             ... in the Dungeon (Sprint VII: "The Pits").
             The game lasted 00:03:52 (476 turns).

rocky1 the Chiller (Merfolk Ice Elementalist)        Turns: 476, Time: 00:03:53

Health: 0/36       AC:  2    Str:  8    XL:     3   Next: 72%
Magic:  4/6        EV: 15    Int: 15    God:    Sif Muna [**....]
Gold:   0          SH:  0    Dex: 14    Spells: 2/6 levels left

rFire    . . .     SeeInvis .   l - +2 trident
rCold    . . .     Faith    .   (no shield)
rNeg     . . .     Spirit   .   a - +0 robe
rPois    .         Reflect  .   (no helmet)
rElec    .         Harm     .   (no cloak)
rCorr    .         Rampage  .   (no gloves)
MR       .....     NoTele   +   (no boots)
Stlth    ..........             (no amulet)
HPRegen  0.12/turn              (no ring)
MPRegen  0.10/turn              (no ring)

@: berserking, very quick
A: change form in water, swift swim, stealthy swim
a: Channel Magic, Renounce Religion


You were in the Dungeon.
You worshipped Sif Muna.
Sif Muna was pleased with you.
You visited 1 branch

Inventory:

Hand Weapons
 l - a +2 trident (weapon)
Armour
 a - a +0 robe (worn)
Scrolls
 h - a scroll of blinking
 i - 3 scrolls of remove curse
 j - 5 scrolls of amnesia
 k - a scroll of summoning
Potions
 b - 2 potions of invisibility
 c - a potion of curing
 e - a potion of haste
 f - 4 potions of magic
 g - 2 potions of berserk rage


   Skills:
 + Level 4.5 Polearms
 + Level 5.1 Dodging
 - Level 2.1 Stealth
 + Level 2.1 Spellcasting
 + Level 7.0 Ice Magic
 + Level 0.5 Invocations


You had 2 spell levels left.
You knew the following spells:

 Your Spells              Type           Power        Failure   Level
a - Freeze                Ice            ###.         1%          1
b - Frozen Ramparts       Ice            ###...       3%          3

Your spell library contained the following spells:

 Spells                   Type           Power        Failure   Level
 Ozocubu's Armour         Ice            ###.....     3%          3
 Hailstorm                Conj/Ice       ##......     45%         4
 Summon Ice Beast         Ice/Summ       ##......     45%         4


Dungeon Overview and Level Annotations

Branches:
Dungeon (1/1)

Altars:
Ashenzari
Cheibriados
Dithmenos
Elyvilon
Fedhas
Gozag
Hepliaklqana
Kikubaaqudgha
Makhleb
Nemelex Xobeh
Okawaru
Qazlal
Ru
Sif Muna
Trog
Uskayaw
Vehumet
Wu Jian
Xom
Yredelemnul
Zin
The Shining One
Beogh
Jiyva
Lugonu


Message History

You freeze the ooze!
The ooze is almost dead.
The ooze hits you.
The warg howls!
You puncture the ooze!
You kill the ooze!
Sif Muna accepts your kill.
Your Ice Magic skill increases to level 7!
A red film seems to cover your vision as you go berserk!
You feel yourself moving faster!
You feel mighty! The warg bites you.
You puncture the warg!
The warg is moderately wounded.
The warg bites you!
You closely miss the warg.
The warg is moderately wounded.
The warg barely misses you.
You hit the warg.
The warg is heavily wounded.
The warg bites you!
You die...

############
#_________.#
#_________.#
#_______...###########++
##########'##...........
#.?(.')))'.##......#..#.
##########.##...........
#.......h@..'...........
#+#####'#####......#..#.
#.#.)#..#..##...........
#.#..+..'..#####'#####++
#.##'####'###.......#
#.#........##.......#
#.#........##.......#
#.#####+#####...<...#
#.# #.......#


You could see a warg.

Vanquished Creatures
  A worker ant (D)
  A river rat (D)
  An ufetubus (D)
  An ooze (D)
  2 goblins (D)
  A quokka (D)
  A bat (D)
  A giant cockroach zombie (D)
9 creatures vanquished.

Notes
Turn   | Place    | Note
-------+----------+-------------------------------------------
     0 | D        | rocky1 the Merfolk Ice Elementalist began the quest for the
                  | Orb.
     0 | D        | Reached XP level 1. HP: 13/13 MP: 3/3
    16 | D        | Reached skill level 5 in Ice Magic
    46 | D        | Found a bloodstained altar of Trog.
    46 | D        | Found a shimmering blue altar of Sif Muna.
    46 | D        | Found a viscous altar of Jiyva.
    46 | D        | Found a hazy altar of Hepliaklqana.
    46 | D        | Found an opulent altar of Gozag.
    47 | D        | Found a glowing golden altar of the Shining One.
    47 | D        | Found a glowing silver altar of Zin.
    47 | D        | Found a basalt altar of Yredelemnul.
    47 | D        | Found a shimmering altar of Xom.
    47 | D        | Found an ornate altar of the Wu Jian Council.
    47 | D        | Found a sacrificial altar of Ru.
    47 | D        | Found a stormy altar of Qazlal.
    47 | D        | Found an iron altar of Okawaru.
    47 | D        | Found a sparkling altar of Nemelex Xobeh.
    47 | D        | Found a burning altar of Makhleb.
    47 | D        | Found a blossoming altar of Fedhas.
    47 | D        | Found a white marble altar of Elyvilon.
    47 | D        | Found a shadowy altar of Dithmenos.
    47 | D        | Found a snail-covered altar of Cheibriados.
    50 | D        | Found a corrupted altar of Lugonu.
    50 | D        | Found a radiant altar of Vehumet.
    50 | D        | Found a roughly hewn altar of Beogh.
    51 | D        | Found an ancient bone altar of Kikubaaqudgha.
    51 | D        | Found a hide-covered altar of Uskayaw.
    51 | D        | Found a broken altar of Ashenzari.
    56 | D        | Became a worshipper of Sif Muna the Loreminder
   113 | D        | Noticed a worker ant
   118 | D        | Killed a worker ant
   119 | D        | Reached skill level 6 in Ice Magic
   119 | D        | Reached XP level 2. HP: 9/19 MP: 0/5
   119 | D        | Reached XP level 3. HP: 12/24 MP: 0/6
   131 | D        | Reached * piety under Sif Muna
   264 | D        | Reached skill level 5 in Dodging
   269 | D        | Noticed a warg
   280 | D        | Learned a level 3 spell: Frozen Ramparts
   400 | D        | Noticed a warg
   429 | D        | Reached ** piety under Sif Muna
   473 | D        | Reached skill level 7 in Ice Magic
   476 | D        | Slain by a warg

Illustrated notes

Levels and vault maps discovered:
D:        pitsprint [storerooms_1, entrance_room_1, metal_vault_6, armoury_1,
          mini_pit_1, grid_room_1, main_hall_1, silver_pit, the_coven_1,
          the_vestibule_1, steel_vault_4, golden_pit, hallway_of_sentries,
          crystal_vault_4, iron_vault_4, final_vault]

Skill      XL: |  1  2  3 |
---------------+----------+-----
Ice Magic      | 6 7 |  7.0
Polearms       | 3 4 |  4.5
Dodging        | 4 5 |  5.1
Stealth        | |  2.1
Spellcasting   | |  2.1
Invocations    | |  0.5

Action                   || total
-------------------------++-------
Melee: Trident           ||    26
 Cast: Freeze            ||    11
  Use: Potion            ||     2
 Stab: Sleeping          ||     3
Armor: Robe              ||     1
Dodge: Dodged            ||    27

Table legend: (Time is in decaauts)
 A = Elapsed time spent in this place.
 B = Non-inter-level travel time spent in this place.
 C = Inter-level travel time spent in this place.
 D = Time resting spent in this place.
 E = Time spent auto-exploring this place.
 F = Levels seen in this place.
 G = Mean time per level.
                   A        B        C        D        E       F      G
               +--------+--------+--------+--------+--------+-----+--------+
         Total |    477 |    477 |      0 |    295 |      0 |   1 |  477.0 |
       Dungeon |    477 |    477 |      0 |    295 |      0 |   1 |  477.0 |
               +--------+--------+--------+--------+--------+-----+--------+

Top non-repeatable levels by time:
       D: 477 daAuts
